 Dungeon Crawl Stone Soup version 0.25-a0-435-g4b9beb1 (webtiles) character file.

Game seed: 14542244022411556813, levelgen mode: deterministic

23 Blightor the Charmwright (level 2, -4/13 HPs)
             Began as a Felid Skald on Jan 26, 2020.
             Slain by a gnoll
             ... wielding a +0 flail
              (12 damage)
             ... on level 2 of the Dungeon.
             The game lasted 00:04:46 (1076 turns).

Blightor the Charmwright (Felid Skald)              Turns: 1076, Time: 00:04:47

Health: -4/13      AC:  1    Str:  7    XL:     2   Next: 72%
Magic:  6/6        EV: 18    Int: 14    God:
Gold:   58         SH:  0    Dex: 15    Spells: 2/5 levels left
                                        Lives:  0   Deaths: 0

rFire    . . .     SeeInvis +     - Unarmed
rCold    . . .     Gourm    .   (shield unavailable)
rNeg     . . .     Faith    .   (armour unavailable)
rPois    .         Spirit   .   (helmet unavailable)
rElec    .         Reflect  .   (cloak unavailable)
rCorr    .         Harm     .   (gloves unavailable)
MR       .....                  (boots unavailable)
Stlth    ++........             (no amulet)
HPRegen  0.04/turn              (no ring)
MPRegen  0.10/turn              (no ring)

@: quick
A: very small, no armour, no weapons or thrown items, stealth, claws 1, fangs 3,
see invisible, carnivore, speed 1, shaggy fur 1, slow metabolism 1, sharp paws
a: no special abilities


You were on level 2 of the Dungeon.
You were full.

You visited 1 branch of the dungeon, and saw 2 of its levels.

You collected 58 gold pieces.

Inventory:

Scrolls
 a - 2 scrolls of identify {unknown}
 c - 2 scrolls of blinking {unknown}
 d - a scroll of enchant weapon {unknown}
 e - a scroll of amnesia {unknown}
Potions
 f - a potion of cancellation {unknown}
Comestibles
 b - 4 rations


   Skills:
 + Level 2.0 Fighting
 + Level 3.4 Dodging
 + Level 2.3 Unarmed Combat
 + Level 2.3 Spellcasting
 + Level 4.1 Charms


You had 2 spell levels left.
You knew the following spells:

 Your Spells              Type           Power        Failure   Level  Hunger
a - Infusion              Chrm           ##..         4%          1    #......
b - Shroud of Golubria    Chrm/Tloc      #.....       16%         2    ###....

Your spell library contained the following spells:

 Spells                   Type           Power        Failure   Level  Hunger
 Song of Slaying          Chrm           ##......     6%          2    ###....
 Ozocubu's Armour         Chrm/Ice       #.......     30%         3    ###....
 Spectral Weapon          Hex/Chrm       Unusable     N/A         3    N/A

Dungeon Overview and Level Annotations

Branches:
Dungeon (2/15)

Altars:


Innate Abilities, Weirdness & Mutations

You cannot wear armour.
You are incapable of wielding weapons or throwing items.
Your paws allow you to move quietly. (Stealth)
You have sharp claws.
You have razor-sharp teeth.
You have supernaturally acute eyesight. (SInv)
You are carnivorous and can eat meat at any time.
You cover ground quickly.
You are covered in fur. (AC +1)
You have a slow metabolism.
Your sharp claws are effective at attacking unaware monsters.


Message History

The hobgoblin is almost dead.
The hobgoblin barely misses you.
You scratch the hobgoblin.
You kill the hobgoblin!
You start resting.
HP restored.
b - 4 rations (gained 1)
A gnoll comes into view. It is wielding a +0 flail.
The gnoll shouts!
Found an escape hatch in the floor.
Things that are here:
a cursed -2 club; a hobgoblin corpse x2
A giant cockroach comes into view.
You scratch the gnoll but do no damage. You bite the gnoll, but do no damage.
The gnoll hits you with a +0 flail.
You scratch the gnoll.
The gnoll is moderately wounded.
The gnoll hits you with a +0 flail!
Ouch! That really hurt!
You die...

#.# #.# #.####
#....#####
############....<...#
................###.#
####.##.####....# #.#
#.#### #.# #@# #.#
#g# #.# #s# #......#
#####... #.##. #. ..
.. .. #. .#>


You could see a gnoll and a giant cockroach.

Vanquished Creatures
  A dart slug (D:1)
  3 goblins (D:1)
  5 hobgoblins
  A ball python (D:1)
  2 bats (D:1)
  3 frilled lizards (D:1)
  5 kobolds (D:1)
  A rat (D:1)
21 creatures vanquished.

Notes
Turn   | Place    | Note
-------+----------+-------------------------------------------
     0 | D:1      | Blightor the Felid Skald began the quest for the Orb.
     0 | D:1      | Reached XP level 1. HP: 9/9 MP: 4/4
   402 | D:1      | Reached XP level 2. HP: 13/13 MP: 0/6
   464 | D:1      | Reached skill level 4 in Charms
   573 | D:1      | Learned a level 2 spell: Shroud of Golubria
  1076 | D:2      | Slain by a gnoll

Levels and vault maps discovered:
D:1:      onia_arrival_mini_spirals, layout_basic, serial_bayou_pond_c,
          minmay_vboxes
D:2:      layout_loops_ring, uniq_jessica, uniq_sigmund

Skill      XL: |  1  2 |
---------------+-------+-----
Charms         | 4 |  4.1
Fighting       | |  2.0
Dodging        | |  3.4
Unarmed Combat | |  2.3
Spellcasting   | |  2.3

Action                   || total
-------------------------++-------
Melee: Unarmed           ||    80
       Bite              ||     7
 Cast: Infusion          ||     2
 Stab: Sleeping          ||     1
  Eat: Chunk             ||     4
Armor: Skin              ||     2
Dodge: Dodged            ||    65

Table legend:
 A = Non-vault XP
 B = Vault XP
 C = Vault XP percentage of total XP
 D = Non-vault monster count
 E = Vault monster count
 F = Vault count percentage of total count
                 A         B        C        D         E       F
            +---------+---------+-------+---------+---------+-------
      Total |      26 |       7 |  21.2 |      16 |       5 |  23.8
            +---------+---------+-------+---------+---------+-------
        D:1 |      22 |       7 |  24.1 |      14 |       5 |  26.3
        D:2 |       4 |       0 |   0.0 |       2 |       0 |   0.0
            +---------+---------+-------+---------+---------+-------
